 Dungeon Crawl Stone Soup version 0.24.1 (webtiles) character file.

Game seed: 12654968771214921935, levelgen mode: deterministic

18 funkygono the Digger (level 2, -1/15 HPs)
             Began as a Gargoyle Earth Elementalist on Mar 25, 2020.
             Slain by a giant cockroach (2 damage)
             ... on level 1 of the Dungeon.
             The game lasted 00:02:43 (1058 turns).

funkygono the Digger (Gargoyle Earth Elementalist)  Turns: 1058, Time: 00:02:43

Health: -1/15      AC:  4    Str: 11    XL:     2   Next: 66%
Magic:  2/5        EV: 12    Int: 15    God:
Gold:   14         SH:  0    Dex: 10    Spells: 4/5 levels left

rFire    . . .     SeeInvis .   f - +0 club
rCold    . . .     Gourm    .   (no shield)
rNeg     + . .     Faith    .   c - +0 robe
rPois    ∞         Spirit   .   (no helmet)
rElec    +         Reflect  .   (no cloak)
rCorr    .         Harm     .   (no gloves)
MR       .....                  (no boots)
Stlth    ++........             (no amulet)
HPRegen  0.05/turn              (no ring)
MPRegen  0.09/turn              (no ring)

@: no status effects
A: negative energy resistance 1, electricity resistance, unbreathing,
petrification resistance, rot immunity, AC +2
a: no special abilities


You were on level 1 of the Dungeon.
You were not hungry.

You visited 1 branch of the dungeon, and saw 2 of its levels.

You collected 14 gold pieces.

Inventory:

Hand Weapons
 f - a +0 club (weapon)
Missiles
 b - 52 stones (quivered)
Armour
 c - a +0 robe (worn)
Potions
 e - a potion of ambrosia
Comestibles
 a - a chunk of flesh
 d - 2 rations


   Skills:
 + Level 0.2 Maces & Flails
 * Level 0.1 Armour
 + Level 1.6 Dodging
 + Level 2.4 Stealth
 + Level 2.2 Spellcasting
   Level 0.7 Transmutations
 + Level 4.2 Earth Magic


You had 4 spell levels left.
You knew the following spells:

 Your Spells              Type           Power        Failure   Level  Hunger
a - Sandblast             Erth           ##....       3%          1    #......

Your spell library contained the following spells:

 Spells                   Type           Power        Failure   Level  Hunger
 Passwall                 Tmut/Erth      #.......     12%         2    ###....
 Stone Arrow              Conj/Erth      #.....       26%         3    ###....
 Petrify                  Tmut/Erth      #.......     61%         4    #####..
 Lee's Rapid Deconstruct  Erth           ##........   71%         5    ######.


Dungeon Overview and Level Annotations

Branches:
Dungeon (2/15)

Altars:


Innate Abilities, Weirdness & Mutations

You are resistant to torment.
Your stone body is resilient. (AC +2)
You are immune to poison.
You resist negative energy. (rN+)
You are resistant to electric shocks. (rElec)
You can survive without breathing.
You are immune to petrification.
You are immune to rotting.


Message History

Aiming: Sandblast (safe; 3% risk of failure)
Press: ? - help, Shift-Dir - straight line, f/p - jackal
Aim: a jackal (heavily wounded)
The blast of sand misses the jackal.
b - 52 stones The jackal closely misses you.
The jackal bites you. x2
* * * LOW HITPOINT WARNING * * *
The giant cockroach bites you but does no damage.
The jackal misses you.
You hit the jackal.
The jackal is severely wounded.
The jackal completely misses you. The jackal bites you.
* * * LOW HITPOINT WARNING * * *
The giant cockroach bites you.
* * * LOW HITPOINT WARNING * * *
The jackal bites you.
* * * LOW HITPOINT WARNING * * *
The jackal completely misses you. The jackal closely misses you.
The giant cockroach bites you.
You die...

...................###.....##.##.
................#..###..)........
####..#####.##.........^......###
......# ##.##.###.####>#.###.#
#####.####...#.# #.# #.### #.#
...............# #.# #.# #.#
#####.####...#####)## #.# #.# #.#
##.#####s..###.# #.### #.#
#....h@h......# #.... #.#
######h###.#### #..## #####.#
#...# #....# ##.# ......#
#.#.###.##.# #.# #######
#.##...###.# #.# # #.###.####.##
#.# # #.# #.......# #.# # #.#
######..#####.# # ######.###
#...........##


You could see 3 jackals and a giant cockroach.

Vanquished Creatures
  A dart slug (D:1)
  2 giant cockroaches (D:1)
  2 goblins (D:1)
  3 hobgoblins (D:1)
  A jackal (D:1)
  A ball python (D:1)
  A bat (D:1)
  A frilled lizard (D:1)
  2 kobolds (D:1)
  A rat (D:1)
15 creatures vanquished.

Notes
Turn   | Place    | Note
-------+----------+-------------------------------------------
     0 | D:1      | funkygono the Gargoyle Earth Elementalist began the quest
                  | for the Orb.
     0 | D:1      | Reached XP level 1. HP: 10/10 MP: 3/3
   309 | D:1      | Reached skill level 4 in Earth Magic
   309 | D:1      | Reached XP level 2. HP: 12/15 MP: 3/5
  1058 | D:1      | Slain by a giant cockroach

Levels and vault maps discovered:
D:1:      minmay_arrival_nine_rooms, layout_loops_ring
D:2:      layout_rooms, nicolae_overflow_hidden_temple, lemuel_crystal_altar,
          minmay_misc_feat_chi, uniq_crazy_yiuf_cottage, uniq_sigmund

Skill      XL: |  1 |
---------------+----+-----
Earth Magic    | 4 |  4.2
Maces & Flails | |  0.2
Armour         | |  0.1
Dodging        | |  1.6
Stealth        | |  2.4
Spellcasting   | |  2.2
Transmutations | |  0.7

Action                   || total
-------------------------++-------
Melee: Club              ||    40
 Cast: Sandblast         ||    19
  Use: Scroll            ||     1
 Stab: Sleeping          ||     1
  Eat: Chunk             ||     1
Armor: Robe              ||    27
Dodge: Dodged            ||    53
